Map: New Gettysburg LE

Players

ProbeOne

  • Race: Zerg Zerg
  • League: Diamond

PongRonin - Winner!

  • Race: Zerg Zerg
  • League: Diamond

VOD

Have the link to the VOD?

Description

Time

  • Played on: Nov. 13, 2016, 5:40 p.m.
  • Length: 18:23
Show
View Real Time Build Order
Export as new Build Order

ProbeOne Zerg 

Build Orders: Pool First 

Get SALT Encoding   

  12  0:01  Drone  
  13  0:11  Drone  
  14  0:27  Spawning Pool  
  13  0:30  Drone  
  13  0:33  Extractor  
  13  0:35  Drone  
  14  0:45  Overlord  
  14  1:03  Drone x2  
  16  1:04  Drone  
  17  1:14  Queen  
  17  1:15  Zergling x2  
  20  1:38  Hatchery  
  19  1:42  Zergling x2  
  20  1:48  Metabolic Boost  
  20  1:53  Drone  
  21  1:56  Drone  
  22  2:04  Overlord  
  21  2:37  Drone x2  
  21  2:38  Drone x3  
  26  2:47  Drone  
  26  2:51  Zergling x2  
  28  3:00  Queen  
  28  3:01  Baneling Nest  
  28  3:02  Zergling x4  
  31  3:06  Overlord  
  31  3:09  Drone  
  31  3:10  Drone x2  
  34  3:20  Drone  
  34  3:22  Overlord  
  35  3:37  Zergling x2  
  35  3:39  Hatchery  
  35  3:42  Zergling x4  
  35  3:44  Drone  
  38  3:48  Zergling x2  
  38  3:49  Zergling x4  
  38  3:52  Zergling x2  
  42  3:57  Baneling x2  
  42  4:07  Zergling x6  
  45  4:16  Zergling x2  
  48  4:17  Zergling x12  
  46  4:27  Zergling x4  
  48  4:34  Drone  
  43  4:51  Drone  
  43  4:52  Drone x2  
  45  5:00  Drone x5  
  45  5:02  Hatchery  
  45  5:05  Roach Warren  
  47  5:08  Zergling x2  
  47  5:09  Zergling x4  
  50  5:24  Drone x2  
  51  5:32  Baneling x3  
  51  5:35  Zergling x2  
  48  5:47  Overlord x2  
  43  5:54  Zergling x10  
  43  5:56  Queen  
  44  5:58  Drone  
  45  6:05  Spine Crawler  
  45  6:08  Baneling x2  
  43  6:11  Zergling x2  
  43  6:12  Zergling x2  
  43  6:16  Roach x4  
  50  6:32  Queen  
  47  6:35  Zergling x8  
  49  6:47  Roach  
  49  6:48  Roach x6  
  62  6:56  Hatchery  
  62  6:57  Lair  
  62  6:58  Drone x2  
  63  7:01  Extractor  
  63  7:07  Evolution Chamber  
  61  7:10  Evolution Chamber  
  61  7:11  Roach  
  61  7:12  Roach  
  57  7:23  Roach x6  
  59  7:30  Roach  
  59  7:31  Roach x2  
  56  7:43  Roach x3  
  58  7:55  Zergling x2  
  58  7:56  Zergling x2  
  60  8:13  Drone  
  60  8:14  Drone x5  
  66  8:22  Baneling x3  
  66  8:23  Baneling  
  66  8:31  Roach  
  66  8:33  Overlord x3  
  68  8:42  Zerg Ground Armor Level 1  
  65  9:13  Drone  
  65  9:14  Drone x11  
  77  9:23  Extractor  
  76  9:35  Hatchery  
  76  9:37  Roach x4  
  83  9:46  Roach  
  83  9:47  Roach  
  79  9:53  Queen x2  
  79  9:56  Roach x3  
  81  10:01  Drone  
  81  10:06  Glial Reconstitution  
  82  10:13  Drone x3  
  85  10:24  Ravager  
  85  10:27  Drone x5  
  85  10:28  Drone  
  92  10:32  Overlord  
  92  10:37  Extractor  
  92  10:39  Extractor  
  90  10:43  Zerg Missile Weapons Level 1  
  90  10:46  Ravager  
  91  11:00  Drone x3  
  91  11:02  Ravager  
  95  11:05  Drone x6  
  95  11:11  Roach x2  
  105  11:13  Zergling x2  
  105  11:17  Overlord x3  
  106  11:31  Overlord  
  106  11:35  Baneling x2  
  106  11:36  Zerg Ground Armor Level 2  
  106  11:40  Drone x3  
  106  11:41  Drone x4  
  106  11:43  Extractor  
  106  11:46  Extractor, Spine Crawler  
  110  11:49  Ravager  
  111  12:04  Hatchery  
  110  12:10  Hydralisk Den  
  110  12:11  Drone x3  
  110  12:13  Drone x3  
  110  12:15  Drone, Overlord x2  
  116  12:22  Pneumatized Carapace  
  116  12:28  Queen  
  120  12:44  Roach x8  
  134  12:58  Hydralisk  
  134  12:59  Hydralisk x4  
  134  13:03  Muscular Augments  
  134  13:05  Queen  
  146  13:09  Hydralisk x2  
  150  13:17  Drone  
  150  13:18  Drone x3  
  150  13:19  Overlord  
  154  13:25  Hydralisk  
  154  13:26  Hydralisk  
  158  13:39  Extractor  
  158  13:40  Extractor  
  156  13:43  Drone x3  
  156  13:44  Hydralisk x2  
  156  13:45  Hydralisk x2  
  167  13:50  Ravager  
  167  13:52  Overlord  
  167  13:53  Overlord  
  167  13:54  Overlord  
  168  13:57  Overlord  
  168  14:07  Overlord  
  168  14:19  Overseer  
  168  14:22  Lurker Den  
  170  14:24  Roach x7  
  182  14:37  Overseer  
  182  14:42  Hydralisk  
  182  14:43  Hydralisk x4  
  192  14:49  Infestation Pit  
  165  15:20  Roach x9  
  173  15:23  Ravager  
  146  15:39  Roach x3  
  146  15:42  Ravager  
  130  15:54  Overseer  
  99  16:22  Hatchery  
  99  16:23  Hydralisk x9  
  116  16:26  Lurker  
  116  16:27  Lurker x4  
  116  16:32  Drone x3  
  124  16:38  Extractor  
  112  16:49  Roach x5  
  122  17:05  Roach x2  
  122  17:06  Roach x2  
  130  17:12  Hydralisk  
  130  17:13  Hydralisk  
  134  17:24  Roach x3  
  141  17:30  Zergling x6  
  143  17:38  Lurker x5  
  143  17:42  Roach  
  143  17:43  Roach  
  135  18:01  Evolution Chamber  
  135  18:02  Evolution Chamber  
Show
View Real Time Build Order
Export as new Build Order

PongRonin Zerg - Winner!

Build Orders: Pool First, Lurkers 

Get SALT Encoding   

  12  0:01  Drone  
  13  0:15  Overlord  
  13  0:18  Drone  
  14  0:33  Drone x2  
  16  0:37  Drone  
  17  0:47  Spawning Pool  
  16  0:51  Drone  
  17  1:12  Hatchery  
  17  1:17  Drone, Extractor  
  16  1:21  Drone  
  17  1:33  Queen  
  17  1:35  Zergling x2  
  20  1:40  Zergling x2  
  21  1:49  Overlord  
  21  2:03  Drone  
  22  2:09  Drone  
  22  2:12  Queen  
  25  2:16  Metabolic Boost  
  25  2:22  Drone  
  25  2:30  Drone x2  
  25  2:35  Drone x2  
  29  2:49  Baneling Nest  
  28  2:57  Drone x2  
  28  2:58  Drone x2, Evolution Chamber  
  31  3:02  Overlord  
  31  3:23  Zergling x12  
  31  3:26  Zergling x6  
  40  3:28  Zergling x2  
  41  3:35  Zerg Melee Weapons Level 1  
  41  3:38  Overlord  
  41  3:49  Drone x3  
  44  4:09  Baneling x2, Zergling x2  
  45  4:10  Zergling x12  
  48  4:19  Zergling x2  
  42  4:30  Hatchery  
  39  4:39  Zergling x10  
  41  4:47  Zergling x4  
  43  4:53  Lair  
  43  4:57  Zergling x4  
  45  5:00  Baneling x4  
  45  5:03  Zergling x4  
  45  5:04  Zergling x6  
  50  5:12  Baneling x2  
  48  5:22  Zergling x2  
  48  5:23  Zergling x4  
  45  5:42  Zergling x6  
  45  5:43  Zergling x12  
  45  5:56  Baneling x2  
  45  5:57  Baneling x3, Zergling x6  
  44  6:03  Roach Warren  
  46  6:04  Queen  
  47  6:23  Zergling x6  
  47  6:24  Zergling x8  
  47  6:38  Zergling x18  
  55  6:47  Zergling x6  
  55  6:55  Zergling x2  
  56  7:03  Baneling  
  56  7:04  Spine Crawler  
  56  7:05  Drone x3  
  58  7:13  Baneling x2  
  58  7:14  Spine Crawler  
  57  7:21  Zergling x6  
  56  7:28  Zergling x8  
  56  7:29  Zergling x2  
  55  7:42  Zergling x2  
  55  7:43  Zergling x10  
  57  7:50  Zergling x6  
  55  7:56  Zerg Ground Armor Level 1  
  55  8:04  Drone x3  
  58  8:17  Overlord  
  58  8:22  Glial Reconstitution  
  58  8:30  Baneling x4  
  58  8:38  Drone x3  
  58  8:39  Drone x4  
  58  8:40  Drone  
  66  8:42  Extractor  
  66  8:43  Extractor  
  52  9:03  Zergling x20  
  52  9:04  Zergling x4  
  59  9:17  Drone x6  
  59  9:20  Overlord  
  58  9:56  Drone x3  
  58  9:57  Drone x4, Roach  
  58  9:58  Roach x6  
  73  10:02  Overlord  
  73  10:03  Overlord  
  73  10:12  Zerg Missile Weapons Level 1  
  73  10:14  Overlord  
  73  10:23  Extractor  
  72  10:29  Drone x3  
  72  10:30  Drone x2  
  72  10:31  Overlord  
  72  10:32  Overlord  
  72  10:33  Roach x4  
  85  10:51  Extractor  
  85  10:52  Extractor  
  85  10:55  Roach x2  
  85  10:56  Roach x2  
  91  11:04  Hatchery  
  91  11:06  Evolution Chamber  
  89  11:11  Roach x3  
  89  11:12  Roach x3  
  101  11:32  Drone x8  
  109  11:40  Zerg Ground Armor Level 2  
  109  11:47  Hydralisk Den  
  109  11:50  Drone  
  109  11:56  Ravager x3  
  109  11:57  Overlord x3  
  112  12:05  Overlord  
  112  12:06  Overlord  
  112  12:12  Overlord  
  112  12:13  Overlord  
  112  12:16  Zerg Missile Weapons Level 2  
  112  12:18  Lurker Den  
  112  12:23  Queen  
  112  12:26  Spine Crawler  
  112  12:27  Drone x2  
  112  12:28  Drone x2  
  117  12:31  Zergling x2  
  117  12:35  Overlord  
  118  12:41  Roach x4  
  126  12:49  Roach x4  
  134  13:10  Hydralisk x6  
  134  13:11  Hydralisk x3  
  152  13:23  Overlord x4  
  152  13:35  Overlord x2  
  151  13:45  Lurker x7  
  158  13:51  Overlord  
  158  13:54  Ravager x2  
  158  13:55  Ravager, Roach  
  163  13:56  Roach x8  
  163  13:59  Overseer  
  179  14:14  Roach x6  
  191  14:23  Zergling x2  
  192  14:40  Overlord x3  
  192  14:47  Unknown  
  180  15:04  Roach x2  
  180  15:05  Roach x8  
  180  15:06  Roach  
  177  15:30  Roach  
  177  15:31  Roach x9  
  177  15:32  Roach  
  189  15:42  Roach x3  
  191  15:43  Roach x6  
  163  15:58  Roach x3  
  163  15:59  Roach x6  
  147  16:12  Hydralisk x4  
  147  16:13  Hydralisk  
  157  16:21  Ravager x6  
  157  16:22  Ravager  
  157  16:24  Hydralisk x4  
  157  16:25  Hydralisk x2  
  176  16:30  Extractor  
  176  16:31  Extractor  
  175  16:32  Zergling x2  
  175  16:34  Hatchery  
  174  16:45  Roach x3  
  174  16:46  Roach x2  
  181  16:55  Overseer  
  181  16:58  Lurker x3  
  181  16:59  Lurker  
  185  17:03  Lurker  
  185  17:08  Zergling x22  
  197  17:19  Lurker x2  
  199  17:27  Overlord  
  188  18:04  Roach  
Tags
 
Add a new tag
Caveats
  • Supply blocks, unpowered buildings, or Contaminate may cause inaccurate times.
  • Supply counts are checked every 10 seconds.